 Dungeon Crawl Stone Soup version 0.27.1 (webtiles) character file.

Game seed: 17255537974647881791

2305 hawla the Covert (level 9, 0/49 (50) HPs)
             Began as a Deep Elf Delver on Sept 1, 2021.
             Was an Initiate of Ashenzari.
             Killed by vampiric draining
             ... invoked by a vampire
              (12 damage)
             ... on level 6 of the Dungeon.
             The game lasted 00:26:03 (7869 turns).

hawla the Covert (Deep Elf Delver)                  Turns: 7869, Time: 00:26:04

HP:   0/49 (50)     AC:  2    Str:  9    XL:     9   Next: 18%
MP:   11/18         EV: 13    Int: 19    God:    Ashenzari [......]
Gold: 297           SH:  0    Dex: 16    Spells: 4/17 levels left

rFire    . . .     SeeInvis .   k - +0 rapier (spect)
rCold    . . .     Faith    .   (no shield)
rNeg     . . .     Spirit   .   n - +0 robe
rPois    .         Reflect  .   (no helmet)
rElec    .         Harm     .   (no cloak)
rCorr    .         Rampage  .   (no gloves)
Will     .....                  (no boots)
Stlth    ++++......             (no amulet)
HPRegen  0.16/turn              (no ring)
MPRegen  0.16/turn              (no ring)

@: brilliant, very slightly contaminated, lightly drained
A: no striking features
a: Renounce Religion, Curse Item


You were on level 6 of the Dungeon.
You worshipped Ashenzari.
Ashenzari was noncommittal.
You visited 2 branches of the dungeon, and saw 7 of its levels.

You collected 297 gold pieces.

Inventory:

Hand Weapons
 k - a +0 spectral rapier (weapon)
Missiles
 f - 2 boomerangs
 l - 32 poisoned darts (quivered)
Armour
 n - a +0 robe (worn)
Wands
 g - a wand of digging (7)
 i - a wand of flame (16)
 m - a wand of mindburst (13)
Scrolls
 c - a scroll of fog
 d - a scroll of teleportation
Potions
 a - a potion of flight
 e - a potion of magic
 j - a potion of brilliance


   Skills:
 - Level 3.0 Fighting
 + Level 8.9 Short Blades
 - Level 4.0 Dodging
 - Level 9.0 Stealth
 + Level 4.8 Spellcasting
 + Level 4.7 Hexes
 + Level 0.2 Necromancy
 + Level 1.9 Translocations
 + Level 1.8 Transmutations
 - Level 1.0 Evocations


You had 4 spell levels left.
You knew the following spells:

 Your Spells              Type           Power      Damage    Failure   Level
a - Slow                  Hex            33%        N/A       2%          2
b - Blink                 Tloc           N/A        N/A       9%          2
c - Yara's Violent Unrav  Hex/Tmut       12%        3d7       67%         5
d - Dispel Undead         Necr           8%         3d8       75%         4

Your spell library contained the following spells:

 Spells                   Type           Power      Damage    Failure   Level
 Confusing Touch          Hex            33%        N/A       5%          3
 Lesser Beckoning         Tloc           8%         N/A       17%         3
 Static Discharge         Conj/Air       6%         N/A       19%         2
 Conjure Flame            Conj/Fire      6%         6-21      36%         3
 Sticky Flame             Conj/Fire      6%         2d3       77%         4
 Manifold Assault         Tloc           17%        N/A       85%         5
 Spellforged Servitor     Conj/Summ      3%         N/A       100%        7


Dungeon Overview and Level Annotations

Branches:
Dungeon (6/15)             Temple (1/1) D:4

Altars:
Ashenzari
Fedhas
Gozag
Hepliaklqana
Kikubaaqudgha
Makhleb
Nemelex Xobeh
Ru
Sif Muna
Trog
Vehumet
Wu Jian
Yredelemnul
Zin
The Shining One

Shops:
D:4 (


Message History

Press: ? - help, Shift-Dir - straight line, f - vampire
Aim: a vampire (100% to hit)
You miscast Dispel Undead.
You are very lightly contaminated with residual magic.
Nothing appears to happen.
The vampire hits you! The vampire closely misses you.
Casting: Dispel Undead (extremely dangerous; 75% risk of failure)
Confirm with . or Enter, or press ? or * to list all spells.
The spell is extremely dangerous to cast (75% risk of failure)!
Continue anyway?
Aiming: Dispel Undead (extremely dangerous; 75% risk of failure)
Press: ? - help, Shift-Dir - straight line, f/p - vampire
Aim: a vampire (100% to hit)
You miscast Dispel Undead.
You shiver with cold!
You feel drained. The vampire hits you! The vampire misses you.
You closely miss the vampire.
Your +0 spectral rapier hits the vampire!
You closely miss the vampire.
The vampire is moderately damaged.
Your +0 spectral rapier closely misses the vampire.
The vampire barely misses you. The vampire bites you.
The vampire draws strength from your injuries!
You hit the vampire.
The vampire is moderately damaged.
Your +0 spectral rapier hits the vampire!
The vampire hits you. The vampire closely misses you.
You barely miss the vampire.
The vampire is severely damaged.
Your +0 spectral rapier closely misses the vampire.
The vampire draws life force from you.
* * * LOW HITPOINT WARNING * * *
The vampire is healed by the life force!
You feel better. The vampire draws life force from you.
* * * LOW HITPOINT WARNING * * *
The vampire is healed by the life force!
You hit the vampire.
The vampire is severely damaged.
Your +0 spectral rapier hits the vampire.
You feel clever all of a sudden. The vampire draws life force from you!
You die...

#.........#.#.#
#.........#.#.#
########......<.##.#.#
...................#.#
##############..####.#
#..# #.# #..# #.# #..#
#.########## #ยง@#
#.).(......# #.V#
##########.# #... #.#
##.#. #.#
#.#############.#
#...........[...#
#################


You could see a vampire.

Vanquished Creatures
  A water moccasin (D:5)
  A black bear (D:4)
  An ice beast (D:5)
  A sky beast (D:6)
  A necrophage (D:5)
  3 centaurs
  6 ogres
  A phantom (D:5)
  3 scorpions
  2 water moccasin zombies
  A wyvern skeleton (D:6)
  3 wights (D:4)
  A bullfrog zombie (D:5)
  2 jellies
  4 hounds
  2 orc priests (D:6)
  An orc wizard (D:5)
  A hound skeleton (D:4)
  11 adders
  4 white imps
  An ufetubus (D:5)
  An adder skeleton (D:4)
  3 worms
  A dart slug (D:3)
  15 orcs
  6 endoplasms
  4 goblins
  5 hobgoblins
  7 kobolds
  8 quokkas
  8 ball pythons
  9 bats
  3 frilled lizards
  A quokka skeleton (D:4)
  7 rats
129 creatures vanquished.

Notes
Turn   | Place    | Note
-------+----------+-------------------------------------------
     0 | D:5      | hawla the Deep Elf Delver began the quest for the Orb.
     0 | D:5      | Reached XP level 1. HP: 13/13 MP: 3/3
   198 | D:3      | Reached XP level 2. HP: 18/18 MP: 4/4
   472 | D:3      | Noticed an ogre
   584 | D:1      | Reached XP level 3. HP: 11/22 MP: 5/5
  1125 | D:1      | Learned a level 2 spell: Slow
  1178 | D:1      | Reached skill level 7 in Stealth
  1837 | D:2      | Reached XP level 4. HP: 27/27 MP: 6/6
  2187 | D:3      | Killed an ogre
  2188 | D:3      | Reached skill level 8 in Stealth
  2188 | D:3      | Reached XP level 5. HP: 18/31 MP: 7/7
  3173 | D:4      | Found Neavuoll's Weapon Shop.
  3231 | D:4      | Reached XP level 6. HP: 36/36 MP: 8/8
  3440 | D:4      | Reached skill level 1 in Hexes
  3447 | D:4      | Reached skill level 1 in Spellcasting
  3452 | D:4      | Reached skill level 1 in Evocations
  3534 | D:4      | Reached skill level 9 in Stealth
  3534 | D:4      | Reached XP level 7. HP: 41/41 MP: 9/11
  3590 | D:4      | Found a staircase to the Ecumenical Temple.
  3596 | Temple   | Entered the Ecumenical Temple
  3896 | Temple   | Became a worshipper of Ashenzari the Shackled
  4059 | D:4      | Found a hazy altar of Hepliaklqana.
  4060 | D:4      | Found a blossoming altar of Fedhas.
  4061 | D:4      | Found a basalt altar of Yredelemnul.
  4309 | D:5      | Reached skill level 5 in Short Blades
  4337 | D:5      | Reached XP level 8. HP: 32/46 MP: 16/16
  5716 | D:6      | Learned a level 2 spell: Blink
  5719 | D:6      | Identified the Handbook of Supportive Arcane Weapons
  6240 | D:5      | Learned a level 5 spell: Yara's Violent Unravelling
  6272 | D:6      | HP: 1/46 [centaur/arrow (15)]
  6692 | D:6      | Reached skill level 1 in Translocations
  6692 | D:6      | Reached skill level 1 in Transmutations
  6712 | D:6      | Reached XP level 9. HP: 46/50 MP: 17/17
  7575 | D:6      | Learned a level 4 spell: Dispel Undead
  7869 | D:6      | Killed from afar by a vampire

Illustrated notes

Levels and vault maps discovered:
D:1:      dpeg_arrival_boxorama, layout_basic
D:2:      layout_rooms
D:3:      layout_basic
D:4:      layout_gridville, chequers_temple_overflow_statue_of_worship,
          minmay_temple_entry_fiery, serial_shops, shop
D:5:      layout_basic
D:6:      layout_basic, uniq_crazy_yiuf_cottage
Temple:   minmay_temple_forest_path

Skill      XL: |  1  2  3  4  5  6  7  8 |
---------------+-------------------------+-----
Stealth        | 7 8 9 |  9.0
Short Blades   | 3 4 5 8 |  8.9
Dodging        | 3 4 |  4.0
Hexes          | 1 4 |  4.7
Spellcasting   | 1 4 |  4.8
Fighting       | 3 |  3.0
Evocations     | 1 |  1.0
Translocations | 1 |  1.9
Transmutations | 1 |  1.8
Necromancy     | |  0.2

Action                   |  1- 3 |  4- 6 |  7- 9 || total
-------------------------+-------+-------+-------++-------
Melee: Short sword       |    94 |       |       ||    94
       Rapier            |     8 |    59 |   167 ||   234
Throw: Dart              |       |       |    10 ||    10
       Boomerang         |       |       |     1 ||     1
 Cast: Slow              |     1 |     1 |    15 ||    17
  Use: Scroll            |     6 |     1 |     2 ||     9
       Potion            |     1 |     2 |     5 ||     8
 Stab: Sleeping          |    19 |    13 |     8 ||    40
       Distracted        |       |       |     3 ||     3
Armor: Leather armour    |    14 |     9 |    12 ||    35
       Robe              |       |       |     8 ||     8
Dodge: Dodged            |    54 |    21 |    85 ||   160
